Workbook
Name _\s: #REF!
Name _\s: #REF!
Name __wal1: #REF!
Name __wal1: #REF!
Name __wal10: #REF!
Name __wal10: #REF!
Name __wal11: #REF!
Name __wal12: #REF!
Name __wal13: #REF!
Name __wal14: #REF!
Name __wal15: #REF!
Name __wal16: #REF!
Name __wal2: #REF!
Name __wal3: #REF!
Name __wal5: #REF!
Name __wal6: #REF!
Name __wal7: #REF!
Name __wal9: #REF!
Name _BD2: #REF!
Name _wal1: #REF!
Name _wal10: #REF!
Name _wal11: #REF!
Name _wal12: #REF!
Name _wal13: #REF!
Name _wal14: #REF!
Name _wal15: #REF!
Name _wal16: #REF!
Name _wal2: #REF!
Name _wal3: #REF!
Name _wal5: #REF!
Name _wal6: #REF!
Name _wal7: #REF!
Name _wal8: #REF!
Name _wal9: #REF!
Name abc: #REF!
Name Acomp: #REF!
Name agua: #REF!
Name ASDD: #REF!
Name ASFDADF: #REF!
Name B: #REF!
Name Banco_dados_IM: #REF!
Name bbcla: #REF!
Name Bloco1: #REF!
Name Bloco1.2: #REF!
Name Bloco1.3: #REF!
Name Bloco10: #REF!
Name Bloco11: #REF!
Name Bloco12: #REF!
Name Bloco13: #REF!
Name Bloco14: #REF!
Name Bloco15: #REF!
Name Bloco16: #REF!
Name Bloco17: #REF!
Name Bloco18: #REF!
Name Bloco19: #REF!
Name Bloco2: #REF!
Name Bloco20: #REF!
Name Bloco203: #REF!
Name Bloco21: #REF!
Name Bloco22: #REF!

Sheet RESUMO (2)
B2: OBJETO: | C2: CONTRATAÇÃO DE EMPRESA DE ENGENHARIA PARA A RETOMADA E CONCLUSÃO DA OBRA DE CONSTRUÇÃO DE QUADRA ESCOLAR COBERTA COM VESTIÁRIOS, PADRÃO FNDE, ID Nº 1004566, LOCALIZADA NO DISTRITO DE APOLINÁRIO, MUNICÍPIO DE CURUÁ/PA. | D2: RESP. TÉCNICO | E2: FELIPE RIBEIRO
B3: PROPONENTE | C3: PREFEITURA MUNICIPAL DE CURUÁ/PA | D3: ENC. SOCIAIS | E3: M: 53,45% - H: 95,00%
B4: REFERÊNCIAS: | C4: Sinapi 12/2024 e SETOP 08/2023 (outras) | D4: BDI | E4: 0.2882
B6: PLANILHA ORÇAMENTÁRIA RESUMIDA
B7: ITEM | C7: DESCRIÇÃO | D7: TOTAL | E7: PESO (%)
B8: 1 | C8: SERVIÇOS PRELIMINARES | D8: 1779.61 | E8: 0.0091570934
B9: 2 | C9: ESQUADRIAS | D9: 668.19 | E9: 0.0034424045
B10: 3 | C10: REVESTIMENTOS INTERNOS E EXTERNOS | D10: 3406.68 | E10: 0.017597991
B11: 4 | C11: PINTURA | D11: 94762.08 | E11: 0.48896815
B12: 5 | C12: INSTALAÇÕES DE AGUAS PLUVIAIS | D12: 7097.48 | E12: 0.036429674
B13: 6 | C13: LOUÇAS E METAIS | D13: 6864.15 | E13: 0.035325735
B14: 7 | C14: SISTEMA DE PROTEÇÃO CONTRA INCÊNCIO | D14: 1019.33 | E14: 0.0052382169
B15: 8 | C15: INSTALAÇÕES ELÉTRICAS E TELEFÔNICAS 220V | D15: 23617.59 | E15: 0.12151278
B16: 9 | C16: SISTEMA DE PROTEÇÃO CONTRA DESCARGAS ATMOSFÉRICAS (SPDA) | D16: 4652.53 | E16: 0.023971724
B17: 10 | C17: SERVIÇOS COMPLEMENTARES | D17: 47427.59 | E17: 0.24602412
B18: 11 | C18: SERVIÇOS FINAIS | D18: 2379.88 | E18: 0.012332112
C20: TOTAL | D20: =SUM(D8:D18) -> 193675.11
C24: _________________________________________
C25: Felipe Ribeiro dos Santos de Lima
C26: Engenheiro Civil - CREA 922088PA

Sheet SINTÉTICO (2)
B2: OBJETO: | C2: CONTRATAÇÃO DE EMPRESA DE ENGENHARIA PARA A RETOMADA E CONCLUSÃO DA OBRA DE CONSTRUÇÃO DE QUADRA ESCOLAR COBERTA COM VESTIÁRIOS, PADRÃO FNDE, ID Nº 1004566, LOCALIZADA NO DISTRITO DE APOLINÁRIO, MUNICÍPIO DE CURUÁ/PA. | I2: RESP. TÉCNICO | J2: FELIPE RIBEIRO
B3: PROPONENTE | C3: PREFEITURA MUNICIPAL DE CURUÁ/PA | I3: ENC. SOCIAIS | J3: M: 53,45% - H: 95,00%
B4: REFERÊNCIAS: | C4: Sinapi 12/2024 e SETOP 08/2023 (outras) | I4: BDI | J4: 0.2882
B6: ORÇAMENTO SINTÉTICO
B7: ITEM | C7: CÓDIGO | D7: REFERÊNCIA | E7: DESCRIÇÃO | F7: UND | G7: QUANT. | H7: VALOR UNIT. | I7: VALOR UNIT. C/ BDI | J7: TOTAL | K7: PESO (%)
B8: 1 | E8: SERVIÇOS PRELIMINARES | J8: =J9 -> 1779.61 | K8: 0.0091570934
B9: 1.1 | C9: 103689 | D9: SINAPI | E9: FORNECIMENTO E INSTALAÇÃO DE PLACA DE OBRA COM CHAPA GALVANIZADA E ESTRUTURA DE MADEIRA. AF_03/2022_PS | F9: m² | G9: 3 | H9: 460.49 | I9: 593.2 | J9: 1779.61 | K9: 0.0091570934
B10: 2 | E10: ESQUADRIAS | G10: 1 | J10: =J11 -> 668.19 | K10: 0.0034424045
B11: 2.1 | C11: 90830 | D11: SINAPI | E11: FECHADURA DE EMBUTIR COM CILINDRO, EXTERNA, COMPLETA, ACABAMENTO PADRÃO MÉDIO, INCLUSO EXECUÇÃO DE FURO - FORNECIMENTO E INSTALAÇÃO. AF_12/2019 | F11: UN | G11: 3 | H11: 172.9 | I11: 222.73 | J11: 668.19 | K11: 0.0034424045
B12: 3 | E12: REVESTIMENTOS INTERNOS E EXTERNOS | G12: 1 | J12: 3406.68 | K12: 0.017597991
B13: 3.1 | C13: 87273 | D13: SINAPI | E13: REVESTIMENTO CERÂMICO PARA PAREDES INTERNAS COM PLACAS TIPO ESMALTADA DE DIMENSÕES 33X45 CM APLICADAS NA ALTURA INTEIRA DAS PAREDES. AF_02/2023_PE | F13: m² | G13: 6 | H13: 70.41 | I13: 90.7 | J13: 544.21 | K13: 0.0028087265
B14: 3.2 | C14: C4442 | D14: SEINFRA | E14: CERÂMICA ESMALTADA C/ ARG. PRÉ-FABRICADA ATÉ 10x10cm (100cm²) - DECORATIVA - P/ PAREDE | F14: m² | G14: 14 | H14: 87.14 | I14: 112.25 | J14: 1571.55 | K14: 0.0081195964
B15: 3.3 | C15: C4442 | D15: SEINFRA | E15: CERÂMICA ESMALTADA C/ ARG. PRÉ-FABRICADA ATÉ 10x10cm (100cm²) - DECORATIVA - P/ PAREDE | F15: m² | G15: 2 | H15: 87.14 | I15: 112.25 | J15: 224.51 | K15: 0.0011599423
B16: 3.4 | C16: C4442 | D16: SEINFRA | E16: CERÂMICA ESMALTADA C/ ARG. PRÉ-FABRICADA ATÉ 10x10cm (100cm²) - DECORATIVA - P/ PAREDE | F16: m² | G16: 9.5 | H16: 87.14 | I16: 112.25 | J16: 1066.41 | K16: 0.0055097261
B17: 4 | E17: PINTURA | G17: 1 | J17: 94762.08 | K17: 0.48896815
B18: 4.1 | C18: C1207 | D18: SEINFRA | E18: EMASSAMENTO DE PAREDES EXTERNAS 2 DEMÃOS C/MASSA ACRÍLICA | F18: m² | G18: 445.04 | H18: 16.25 | I18: 20.93 | J18: 9316.13 | K18: 0.04840729
B19: 4.2 | C19: C1208 | D19: SEINFRA | E19: EMASSAMENTO DE PAREDES INTERNAS 2 DEMÃOS C/MASSA DE PVA | F19: m² | G19: 84.33 | H19: 12.83 | I19: 16.53 | J19: 1393.77 | K19: 0.0072491699
B20: 4.3 | C20: 88489 | D20: SINAPI | E20: PINTURA LÁTEX ACRÍLICA PREMIUM, APLICAÇÃO MANUAL EM PAREDES, DUAS DEMÃOS. AF_04/2023 | F20: m² | G20: 445.04 | H20: 12.81 | I20: 16.5 | J20: 7343.98 | K20: 0.03793143
B21: 4.4 | C21: 104639 | D21: SINAPI | E21: PINTURA LÁTEX ACRÍLICA ECONÔMICA, APLICAÇÃO MANUAL EM TETO, DUAS DEMÃOS. AF_04/2023 | F21: m² | G21: 84.33 | H21: 11.25 | I21: 14.49 | J21: 1222.13 | K21: 0.00632488
B22: 4.5 | C22: 102494 | D22: SINAPI | E22: PINTURA DE PISO COM TINTA EPÓXI, APLICAÇÃO MANUAL, 2 DEMÃOS, INCLUSO PRIMER EPÓXI. AF_05/2021 | F22: m² | G22: 483.4 | H22: 68.65 | I22: 88.43 | J22: 42749.45 | K22: 0.22005783
B23: 4.6 | C23: 100746 | D23: SINAPI | E23: PINTURA COM TINTA ALQUÍDICA DE ACABAMENTO (ESMALTE SINTÉTICO BRILHANTE) APLICADA A ROLO OU PINCEL SOBRE SUPERFÍCIES METÁLICAS (EXCETO PERFIL) EXECUTADO EM OBRA (POR DEMÃO). AF_01/2020 | F23: m² | G23: 558.25 | H23: 24.11 | I23: 31.06 | J23: 17338.41 | K23: 0.089799809
B24: 4.7 | C24: 100727 | D24: SINAPI | E24: PINTURA COM TINTA EPOXÍDICA DE FUNDO PULVERIZADA SOBRE PERFIL METÁLICO EXECUTADO EM FÁBRICA (POR DEMÃO). AF_01/2020_PE | F24: m² | G24: 404.1 | H24: 29.58 | I24: 38.1 | J24: 15398.21 | K24: 0.079197746
B25: 5 | E25: INSTALAÇÕES DE AGUAS PLUVIAIS | G25: 1 | I25: 6979.77 | J25: 7097.48 | K25: 0.036429674
B26: 5.1 | C26: 7752 | D26: ORSE | E26: Ralo hemisférico em ferro fundido tipo abacaxi, DN=150mm | F26: un | G26: 4 | H26: 83.4 | I26: 107.44 | J26: 429.74 | K26: 0.0022127842
B27: 5.2 | C27: 4421 | D27: ORSE | E27: Canaleta de concreto c/ tampa removível em chapa de aço (0,25 x 0,25 x 0,25m) | F27: m | G27: 21.6 | H27: 239.63 | I27: 308.69 | J27: 6667.73 | K27: 0.03421689
B28: 6 | E28: LOUÇAS E METAIS | G28: 1 | I28: 6768.26 | J28: 6864.15 | K28: 0.035325735
B29: 6.1 | C29: 86888 | D29: SINAPI | E29: VASO SANITÁRIO SIFONADO COM CAIXA ACOPLADA LOUÇA BRANCA - FORNECIMENTO E INSTALAÇÃO. AF_01/2020 | F29: UN | G29: 4 | H29: 554.02 | I29: 713.69 | J29: 2854.75 | K29: 0.014684878
B30: 6.2 | C30: 100849 | D30: SINAPI | E30: ASSENTO SANITÁRIO CONVENCIONAL - FORNECIMENTO E INSTALACAO. AF_01/2020 | F30: UN | G30: 4 | H30: 41.65 | I30: 53.65 | J30: 214.61 | K30: 0.0011046175
B31: 6.3 | C31: 86943 | D31: SINAPI | E31: LAVATÓRIO LOUÇA BRANCA SUSPENSO, 29,5 X 39CM OU EQUIVALENTE, PADRÃO POPULAR, INCLUSO SIFÃO FLEXÍVEL EM PVC, VÁLVULA E ENGATE FLEXÍVEL 30CM EM PLÁSTICO E TORNEIRA CROMADA DE MESA, PADRÃO POPULAR - FORNECIMENTO E INSTALAÇÃO. AF_01/2020 | F31: UN | G31: 2 | H31: 247.43 | I31: 318.74 | J31: 637.48 | K31: 0.0032811796
B32: 6.4 | C32: 86901 | D32: SINAPI | E32: CUBA DE EMBUTIR OVAL EM LOUÇA BRANCA, 35 X 50CM OU EQUIVALENTE - FORNECIMENTO E INSTALAÇÃO. AF_01/2020 | F32: UN | G32: 6 | H32: 161.83 | I32: 208.47 | J32: 1250.82 | K32: 0.0064423148
B33: 6.5 | C33: 86906 | D33: SINAPI | E33: TORNEIRA CROMADA DE MESA, 1/2" OU 3/4", PARA LAVATÓRIO, PADRÃO POPULAR - FORNECIMENTO E INSTALAÇÃO. AF_01/2020 | F33: UN | G33: 8 | H33: 51.06 | I33: 65.78 | J33: 526.2 | K33: 0.0027065321
B34: 6.6 | C34: 95544 | D34: SINAPI | E34: PAPELEIRA DE PAREDE EM METAL CROMADO SEM TAMPA, INCLUSO FIXAÇÃO. AF_01/2020 | F34: UN | G34: 6 | H34: 73.43 | I34: 94.59 | J34: 567.56 | K34: 0.0029220902
B35: 6.7 | C35: 100860 | D35: SINAPI | E35: CHUVEIRO ELÉTRICO COMUM CORPO PLÁSTICO, TIPO DUCHA - FORNECIMENTO E INSTALAÇÃO. AF_01/2020 | F35: UN | G35: 6 | H35: 105.15 | I35: 135.45 | J35: 812.73 | K35: 0.0041841225
B36: 7 | E36: SISTEMA DE PROTEÇÃO CONTRA INCÊNCIO | G36: 1 | I36: 1003.62 | J36: 1019.33 | K36: 0.0052382169
B37: 7.1 | C37: 101909 | D37: SINAPI | E37: EXTINTOR DE INCÊNDIO PORTÁTIL COM CARGA DE PQS DE 6 KG, CLASSE BC - FORNECIMENTO E INSTALAÇÃO. AF_10/2020_PE | F37: UN | G37: 2 | H37: 269.58 | I37: 347.27 | J37: 694.55 | K37: 0.0035737748
B38: 7.2 | C38: 97599 | D38: SINAPI | E38: LUMINÁRIA DE EMERGÊNCIA, COM 30 LÂMPADAS LED DE 2 W, SEM REATOR - FORNECIMENTO E INSTALAÇÃO. AF_09/2024 | F38: UN | G38: 2 | H38: 25.57 | I38: 32.94 | J38: 65.88 | K38: 0.00033946477
B39: 7.3 | C39: 102505 | D39: SINAPI | E39: PINTURA DE DEMARCAÇÃO DE QUADRA POLIESPORTIVA COM BORRACHA CLORADA, E = 5 CM, APLICAÇÃO MANUAL. AF_05/2021 | F39: M | G39: 2 | H39: 10.45 | I39: 13.46 | J39: 26.92 | K39: 0.0001295436
B40: 7.4 | C40: 240843 | D40: SEDOP | E40: Placa de sinalização metálica | F40: un | G40: 2 | H40: 45.02 | I40: 57.99 | J40: 115.19 | K40: 0.00059771687
B41: 7.5 | C41: 240843 | D41: SEDOP | E41: Placa de sinalização metálica | F41: un | G41: 2 | H41: 45.02 | I41: 57.99 | J41: 115.19 | K41: 0.00059771687
B42: 8 | E42: INSTALAÇÕES ELÉTRICAS E TELEFÔNICAS 220V | G42: 1 | J42: 23617.59 | K42: 0.12151278
B43: 8.1 | C43: 101890 | D43: SINAPI | E43: DISJUNTOR MONOPOLAR TIPO NEMA, CORRENTE NOMINAL DE 10 ATÉ 30A - FORNECIMENTO E INSTALAÇÃO. AF_10/2020 | F43: UN | G43: 7 | H43: 15.7 | I43: 20.02 | J43: 141.57 | K43: 0.00072924381
B44: 8.2 | C44: 101892 | D44: SINAPI | E44: DISJUNTOR BIPOLAR TIPO NEMA, CORRENTE NOMINAL DE 10 ATÉ 50A - FORNECIMENTO E INSTALAÇÃO. AF_10/2020 | F44: UN | G44: 5 | H44: 70.3 | I44: 90.56 | J44: 452.8 | K44: 0.0023296448
B45: 8.3 | C45: 101892 | D45: SINAPI | E45: DISJUNTOR BIPOLAR TIPO NEMA, CORRENTE NOMINAL DE 10 ATÉ 50A - FORNECIMENTO E INSTALAÇÃO. AF_10/2020 | F45: UN | G45: 8 | H45: 70.3 | I45: 90.56 | J45: 724.48 | K45: 0.0037274317
B46: 8.4 | C46: 101896 | D46: SINAPI | E46: DISJUNTOR TERMOMAGNÉTICO TRIPOLAR , CORRENTE NOMINAL DE 200A - FORNECIMENTO E INSTALAÇÃO. AF_10/2020 | F46: UN | G46: 2 | H46: 624.72 | I46: 804.76 | J46: 1609.53 | K46: 0.0082835875
B47: 8.5 | C47: 101896 | D47: SINAPI | E47: DISJUNTOR TERMOMAGNÉTICO TRIPOLAR , CORRENTE NOMINAL DE 200A - FORNECIMENTO E INSTALAÇÃO. AF_10/2020 | F47: UN | G47: 1 | H47: 624.72 | I47: 804.76 | J47: 804.76 | K47: 0.0041417938
B48: 8.6 | C48: 91926 | D48: SINAPI | E48: CABO DE COBRE FLEXÍVEL ISOLADO, 2,5 MM², ANTI-CHAMA 450/750 V, PARA CIRCUITOS TERMINAIS - FORNECIMENTO E INSTALAÇÃO. AF_03/2023 | F48: M | G48: 190 | H48: 4.62 | I48: 5.95 | J48: 1130.78 | K48: 0.0057913608
B49: 8.7 | C49: 91928 | D49: SINAPI | E49: CABO DE COBRE FLEXÍVEL ISOLADO, 4 MM², ANTI-CHAMA 450/750 V, PARA CIRCUITOS TERMINAIS - FORNECIMENTO E INSTALAÇÃO. AF_03/2023 | F49: M | G49: 820 | H49: 7.18 | I49: 9.25 | J49: 7584.41 | K49: 0.039032185
B50: 8.8 | C50: 91934 | D50: SINAPI | E50: CABO DE COBRE FLEXÍVEL ISOLADO, 16 MM², ANTI-CHAMA 450/750 V, PARA CIRCUITOS TERMINAIS - FORNECIMENTO E INSTALAÇÃO. AF_03/2023 | F50: M | G50: 14 | H50: 26.18 | I50: 33.73 | J50: 472.15 | K50: 0.0024310563
B51: 8.9 | C51: 92986 | D51: SINAPI | E51: CABO DE COBRE FLEXÍVEL ISOLADO, 35 MM², ANTI-CHAMA 0,6/1,0 KV, PARA REDE ENTERRADA DE DISTRIBUIÇÃO DE ENERGIA ELÉTRICA - FORNECIMENTO E INSTALAÇÃO. AF_12/2021 | F51: M | G51: 41 | H51: 42.77 | I51: 55.1 | J51: 2258.95 | K51: 0.011621919
B52: 8.10 | C52: 91996 | D52: SINAPI | E52: TOMADA MÉDIA DE EMBUTIR (1 MÓDULO), 2P+T 10 A, INCLUINDO SUPORTE E PLACA - FORNECIMENTO E INSTALAÇÃO. AF_03/2023 | F52: UN | G52: 4 | H52: 33.01 | I52: 45.52 | J52: 170.09 | K52: 0.00088018663
B53: 8.11 | C53: 91997 | D53: SINAPI | E53: TOMADA MÉDIA DE EMBUTIR (1 MÓDULO), 2P+T 20 A, INCLUINDO SUPORTE E PLACA - FORNECIMENTO E INSTALAÇÃO. AF_03/2023 | F53: UN | G53: 1 | H53: 35.15 | I53: 45.28 | J53: 45.28 | K53: 0.00023413883
B54: 8.12 | C54: 91952 | D54: SINAPI | E54: INTERRUPTOR SIMPLES (1 MÓDULO), 10A/250V, SEM SUPORTE E SEM PLACA - FORNECIMENTO E INSTALAÇÃO. AF_03/2023 | F54: UN | G54: 7 | H54: 17.69 | I54: 22.79 | J54: 159.52 | K54: 0.00082496619
... B57: 8.15 | C57: MERCADO | D57: Próprio | E57: Refletor de led 400w | F57: UN | G57: 20 | H57: 270 | I57: 347.81 | J57: 6956.28 | K57: 0.035762801
B58: 9 | E58: SISTEMA DE PROTEÇÃO CONTRA DESCARGAS ATMOSFÉRICAS (SPDA) | G58: 1 | J58: 4652.53 | K58: 0.023971724
B59: 9.1 | C59: 98111 | D59: SINAPI | E59: CAIXA DE INSPEÇÃO PARA ATERRAMENTO, CIRCULAR, EM POLIETILENO, DIÂMETRO INTERNO = 0,3 M. AF_12/2020 | F59: UN | G59: 5 | H59: 59.08 | I59: 76.11 | J59: 380.53 | K59: 0.0019588119
B60: 9.2 | C60: 96985 | D60: SINAPI | E60: HASTE DE ATERRAMENTO, DIÂMETRO 5/8", COM 3 METROS - FORNECIMENTO E INSTALAÇÃO. AF_08/2023 | F60: UN | G60: 12 | H60: 82.1 | I60: 105.76 | J60: 1269.13 | K60: 0.0065350099
B61: 9.3 | C61: 96973 | D61: SINAPI | E61: CORDOALHA DE COBRE NU 35 MM², NÃO ENTERRADA, COM ISOLADOR - FORNECIMENTO E INSTALAÇÃO. AF_08/2023 | F61: M | G61: 20 | H61: 73.81 | I61: 95.08 | J61: 1901.64 | K61: 0.0098050202
B62: 9.4 | C62: 89449 | D62: SINAPI | E62: TUBO, PVC, SOLDÁVEL, DE 50MM, INSTALADO EM PRUMADA DE ÁGUA - FORNECIMENTO E INSTALAÇÃO. AF_06/2022 | F62: M | G62: 15 | H62: 19.39 | I62: 24.98 | J62: 374.67 | K62: 0.0019290618
B63: 9.5 | C63: C2459 | D63: SEINFRA | E63: TERMINAL DE PRESSÃO P/ VERGALHÕES DE COBRE 3/8" | F63: UN | G63: 5 | H63: 30.7 | I63: 39.55 | J63: 197.74 | K63: 0.0010208996
B64: 9.6 | C64: 96985 | D64: SINAPI | E64: HASTE DE ATERRAMENTO, DIÂMETRO 5/8", COM 3 METROS - FORNECIMENTO E INSTALAÇÃO. AF_08/2023 | F64: UN | G64: 5 | H64: 82.1 | I64: 105.76 | J64: 528.81 | K64: 0.0027229208
B65: 10 | E65: SERVIÇOS COMPLEMENTARES | G65: 1 | J65: 47427.59 | K65: 0.24602412
B66: 10.1 | C66: C4065 | D66: SEINFRA | E66: GRANITO POLIDO E=2cm, CINZA, ARGAMASSA DE CIMENTO E AREIA 1:4, C/ REJUNTAMENTO | F66: m² | G66: 2.5 | H66: 370.94 | I66: 477.84 | J66: 1194.61 | K66: 0.006159845
B67: 10.2 | C67: PMC1 | D67: Próprio | E67: Estrutura metálica c/ tabelas de basquete | F67: CJ | G67: 1 | H67: 3000 | I67: 3864.6 | J67: 3864.6 | K67: 0.019868762
B68: 10.3 | C68: PMC2 | D68: Próprio | E68: Estrutura metálica de traves de futsal | F68: CJ | G68: 1 | H68: 2000 | I68: 2576.4 | J68: 2576.4 | K68: 0.013245807
B69: 10.4 | C69: PMC3 | D69: Próprio | E69: Estrutura metálica p/ rede de voley | F69: CJ | G69: 1 | H69: 1700 | I69: 2189.94 | J69: 2189.94 | K69: 0.011258915
B70: 10.5 | C70: PMC4 | D70: Próprio | E70: Corrimão da rampa em tubo de aço galvanizado 1 1/2" | F70: M | G70: 9.6 | H70: 52 | I70: 66.99 | J70: 643.07 | K70: 0.0050115417
B71: 10.6 | C71: 102363 | D71: SINAPI | E71: ALAMBRADO PARA QUADRA POLIESPORTIVA, ESTRUTURADO POR TUBOS DE ACO GALVANIZADO, (MONTANTES COM DIAMETRO 2", TRAVESSAS E ESCORAS COM DIÂMETRO 1 ¼"), COM TELA DE ARAME GALVANIZADO, FIO 12 BWG E MALHA QUADRADA 5X5CM (EXCETO MURETA). AF_03/2021 | F71: m² | G71: 154.15 | H71: 186.12 | I71: 239.76 | J71: 36958.97 | K71: 0.19047925
B72: 11 | E72: SERVIÇOS FINAIS | G72: 1 | I72: 2362.78 | J72: 2362.78 | K72: 0.012332112
B73: 11.1 | C73: 99814 | D73: SINAPI | E73: LIMPEZA DE SUPERFÍCIE COM JATO DE ALTA PRESSÃO. AF_04/2019 | F73: m² | G73: 972.34 | H73: 1.9 | I73: 2.45 | J73: 2379.88 | K73: 0.012332112
I75: Total Geral | J75: 193675.11
E83: _________________________________________
E84: Felipe Ribeiro dos Santos de Lima
E85: Engenheiro Civil - CREA 922088PA

Sheet ANALÍTICO (2)
B2: OBJETO: | C2: CONTRATAÇÃO DE EMPRESA DE ENGENHARIA PARA A RETOMADA E CONCLUSÃO DA OBRA DE CONSTRUÇÃO DE QUADRA ESCOLAR COBERTA COM VESTIÁRIOS, PADRÃO FNDE, ID Nº 1004566, LOCALIZADA NO DISTRITO DE APOLINÁRIO, MUNICÍPIO DE CURUÁ/PA. | I2: RESP. TÉCNICO | J2: FELIPE RIBEIRO
B3: CLIENTE | C3: PREFEITURA MUNICIPAL DE CURUÁ/PA | I3: ENC. SOCIAIS | J3: M: 53,45% - H: 95,00%
B4: REFERÊNCIAS: | C4: Sinapi 12/2024 e SETOP 08/2023 (outras) | I4: BDI | J4: 0.2882
B5: PLANILHA ORÇAMENTÁRIA ANALÍTICA
B6: 1 | E6: SERVIÇOS PRELIMINARES | K6: 1754.46
B7: 1.1 | C7: Código | D7: Banco | E7: Descrição | F7: Tipo | H7: Und | I7: Quant. | J7: Valor Unit | K7: Total
B8: Composição | C8: 103689 | D8: SINAPI | E8: FORNECIMENTO E INSTALAÇÃO DE PLACA DE OBRA COM CHAPA GALVANIZADA E ESTRUTURA DE MADEIRA. AF_03/2022_PS | F8: PAVI - PAVIMENTAÇÃO | H8: m² | I8: 1 | J8: ='SINTÉTICO (2)'!H9 -> 460.49 | K8: ='SINTÉTICO (2)'!H9 -> 460.49
B9: Composição Auxiliar | C9: 88262 | D9: SINAPI | E9: CARPINTEIRO DE FORMAS COM ENCARGOS COMPLEMENTARES | F9: SEDI - SERVIÇOS DIVERSOS | H9: H | I9: 0.3729 | J9: 25.12 | K9: 9.36
B10: Composição Auxiliar | C10: 102234 | D10: SINAPI | E10: PINTURA IMUNIZANTE PARA MADEIRA, 2 DEMÃOS. AF_01/2021 | F10: PINT - PINTURAS | H10: m² | I10: 0.5 | J10: 23.88 | K10: 11.94
B11: Composição Auxiliar | C11: 88316 | D11: SINAPI | E11: SERVENTE COM ENCARGOS COMPLEMENTARES | F11: SEDI - SERVIÇOS DIVERSOS | H11: H | I11: 1.1186 | J11: 20.46 | K11: 22.88
B12: Insumo | C12: 00004813 | D12: SINAPI | E12: PLACA DE OBRA (PARA CONSTRUCAO CIVIL) EM CHAPA GALVANIZADA *N. 22*, ADESIVADA, DE *2,4 X 1,2* M (SEM POSTES PARA FIXACAO) | F12: Material | H12: m² | I12: 1 | J12: 394.01 | K12: 394.01
B13: Insumo | C13: 00005065 | D13: SINAPI | E13: PREGO DE ACO POLIDO COM CABECA 10 X 10 (7/8 X 17) | F13: Material | H13: KG | I13: 0.0113 | J13: 32.97 | K13: 0.37
B14: Insumo | C14: 00004509 | D14: SINAPI | E14: SARRAFO *2,5 X 10* CM EM PINUS, MISTA OU EQUIVALENTE DA REGIAO - BRUTA | F14: Material | H14: M | I14: 3.2083 | J14: 4.74 | K14: 15.2
B15: Insumo | C15: 00005069 | D15: SINAPI | E15: PREGO DE ACO POLIDO COM CABECA 17 X 27 (2 1/2 X 11) | F15: Material | H15: KG | I15: 0.0132 | J15: 17.67 | K15: 0.23
F16: MO sem LS => | G16: 24.76 | H16: LS => | I16: 0 | J16: MO com LS => | K16: 24.76
F17: Valor do BDI => | G17: 130.83 | I17: Valor com BDI => | K17: 584.82
H18: Quant. => | I18: 3,00 | J18: Preço Total => | K18: ='SINTÉTICO (2)'!J9 -> 1779.61
B20: 2 | E20: ESQUADRIAS | K20: 659.55
B21: 2.1 | C21: Código | D21: Banco | E21: Descrição | F21: Tipo | H21: Und | I21: Quant. | J21: Valor Unit | K21: Total
B22: Composição | C22: 90830 | D22: SINAPI | E22: FECHADURA DE EMBUTIR COM CILINDRO, EXTERNA, COMPLETA, ACABAMENTO PADRÃO MÉDIO, INCLUSO EXECUÇÃO DE FURO - FORNECIMENTO E INSTALAÇÃO. AF_12/2019 | F22: ESQV - ESQUADRIAS/FERRAGENS/VIDROS | H22: UN | I22: 1 | J22: ='SINTÉTICO (2)'!H11 -> 172.9 | K22: =J22 -> 172.9
B23: Composição Auxiliar | C23: 88261 | D23: SINAPI | E23: CARPINTEIRO DE ESQUADRIA COM ENCARGOS COMPLEMENTARES | F23: SEDI - SERVIÇOS DIVERSOS | H23: H | I23: 1.002 | J23: 24.16 | K23: 24.2
B24: Composição Auxiliar | C24: 88316 | D24: SINAPI | E24: SERVENTE COM ENCARGOS COMPLEMENTARES | F24: SEDI - SERVIÇOS DIVERSOS | H24: H | I24: 0.501 | J24: 20.46 | K24: 10.25
B25: Insumo | C25: 00003081 | D25: SINAPI | E25: FECHADURA ESPELHO PARA PORTA EXTERNA, EM ACO INOX (MAQUINA, TESTA E CONTRA-TESTA) E EM ZAMAC (MACANETA, LINGUETA E TRINCOS) COM ACABAMENTO CROMADO, MAQUINA DE 55 MM, INCLUINDO CHAVE TIPO CILINDRO | F25: Material | H25: CJ | I25: 1 | J25: 136.22 | K25: 136.22
F26: MO sem LS => | G26: 22.93 | H26: LS => | I26: 0 | J26: MO com LS => | K26: 22.93
F27: Valor do BDI => | G27: 49.18 | I27: Valor com BDI => | K27: 219.85
H28: Quant. => | I28: 3,00 | J28: Preço Total => | K28: ='SINTÉTICO (2)'!J11 -> 668.19
B30: 3 | E30: REVESTIMENTOS INTERNOS E EXTERNOS | K30: 3371.7
B31: 3.1 | C31: Código | D31: Banco | E31: Descrição | F31: Tipo | H31: Und | I31: Quant. | J31: Valor Unit | K31: Total
B32: Composição | C32: 87273 | D32: SINAPI | E32: REVESTIMENTO CERÂMICO PARA PAREDES INTERNAS COM PLACAS TIPO ESMALTADA DE DIMENSÕES 33X45 CM APLICADAS NA ALTURA INTEIRA DAS PAREDES. AF_02/2023_PE | F32: REVE - REVESTIMENTO E TRATAMENTO DE SUPERFÍCIES | H32: m² | I32: 1 | J32: ='SINTÉTICO (2)'!H13 -> 70.41 | K32: =J32 -> 70.41
B33: Composição Auxiliar | C33: 88256 | D33: SINAPI | E33: AZULEJISTA OU LADRILHISTA COM ENCARGOS COMPLEMENTARES | F33: SEDI - SERVIÇOS DIVERSOS | H33: H | I33: 0.697 | J33: 25.33 | K33: 17.65
B34: Composição Auxiliar | C34: 88316 | D34: SINAPI | E34: SERVENTE COM ENCARGOS COMPLEMENTARES | F34: SEDI - SERVIÇOS DIVERSOS | H34: H | I34: 0.3138 | J34: 20.46 | K34: 6.42
B35: Insumo | C35: 00000536 | D35: SINAPI | E35: REVESTIMENTO PARA PAREDE, EM CERAMICA ESMALTADA, FORMATO MENOR OU IGUAL A 2025 CM2 | F35: Material | H35: m² | I35: 1.0798 | J35: 35.49 | K35: 38.32
B36: Insumo | C36: 00034357 | D36: SINAPI | E36: REJUNTE CIMENTICIO, QUALQUER COR | F36: Material | H36: KG | I36: 0.222 | J36: 5.2 | K36: 1.15
B37: Insumo | C37: 00001381 | D37: SINAPI | E37: ARGAMASSA COLANTE AC I PARA CERAMICAS | F37: Material | H37: KG | I37: 6.85 | J37: 0.89 | K37: 6.09
F38: MO sem LS => | G38: 16.22 | H38: LS => | I38: 0 | J38: MO com LS => | K38: 16.22
F39: Valor do BDI => | G39: 20.06 | I39: Valor com BDI => | K39: 89.69
H40: Quant. => | I40: 6,00 | J40: Preço Total => | K40: ='SINTÉTICO (2)'!J13 -> 544.21
B42: 3.2 | C42: Código | D42: Banco | E42: Descrição | F42: Tipo | H42: Und | I42: Quant. | J42: Valor Unit | K42: Total
B43: Composição | C43: C4442 | D43: SEINFRA | E43: CERÂMICA ESMALTADA C/ ARG. PRÉ-FABRICADA ATÉ 10x10cm (100cm²) - DECORATIVA - P/ PAREDE | F43: 0 | H43: m² | I43: 1 | J43: ='SINTÉTICO (2)'!H14 -> 87.14 | K43: =J43 -> 87.14
B44: Insumo | C44: I2543 | D44: SEINFRA | E44: SERVENTE | F44: Mão de Obra | H44: H | I44: 0.72 | J44: 18.46 | K44: 13.29
B45: Insumo | C45: I6508 | D45: SEINFRA | E45: ARGAMASSA COLANTE PRÉ-FABRICADA P/ CERÂMICAS E PORCELANATOS | F45: Material | H45: KG | I45: 4 | J45: 2.38 | K45: 9.52
B46: Insumo | C46: I6497 | D46: SEINFRA | E46: CERÂMICA ESMALTADA DIMENSÕES ATÉ 10x10cm (100 cm²) - DECORATIVA | F46: Material | H46: m² | I46: 1.1 | J46: 41.88 | K46: 46.06
B47: Insumo | C47: I1328 | D47: SEINFRA | E47: LADRILHISTA | F47: Mão de Obra | H47: H | I47: 0.72 | J47: 24.16 | K47: 17.39
F48: MO sem LS => | G48: 30.68 | H48: LS => | I48: 0 | J48: MO com LS => | K48: 30.68
F49: Valor do BDI => | G49: 24.86 | I49: Valor com BDI => | K49: 111.12
H50: Quant. => | I50: 14,00 | J50: Preço Total => | K50: ='SINTÉTICO (2)'!J14 -> 1571.55
B52: 3.3 | C52: Código | D52: Banco | E52: Descrição | F52: Tipo | H52: Und | I52: Quant. | J52: Valor Unit | K52: Total
B53: Composição | C53: C4442 | D53: SEINFRA | E53: CERÂMICA ESMALTADA C/ ARG. PRÉ-FABRICADA ATÉ 10x10cm (100cm²) - DECORATIVA - P/ PAREDE | F53: 0 | H53: m² | I53: 1 | J53: ='SINTÉTICO (2)'!H15 -> 87.14 | K53: =J53 -> 87.14
B54: Insumo | C54: I2543 | D54: SEINFRA | E54: SERVENTE | F54: Mão de Obra | H54: H | I54: 0.72 | J54: 18.46 | K54: 13.29
B55: Insumo | C55: I6508 | D55: SEINFRA | E55: ARGAMASSA COLANTE PRÉ-FABRICADA P/ CERÂMICAS E PORCELANATOS | F55: Material | H55: KG | I55: 4 | J55: 2.38 | K55: 9.52
B56: Insumo | C56: I6497 | D56: SEINFRA | E56: CERÂMICA ESMALTADA DIMENSÕES ATÉ 10x10cm (100 cm²) - DECORATIVA | F56: Material | H56: m² | I56: 1.1 | J56: 41.88 | K56: 46.06
B57: Insumo | C57: I1328 | D57: SEINFRA | E57: LADRILHISTA | F57: Mão de Obra | H57: H | I57: 0.72 | J57: 24.16 | K57: 17.39
F58: MO sem LS => | G58: 30.68 | H58: LS => | I58: 0 | J58: MO com LS => | K58: 30.68
F59: Valor do BDI => | G59: 24.86 | I59: Valor com BDI => | K59: 111.12
H60: Quant. => | I60: 2,00 | J60: Preço Total => | K60: ='SINTÉTICO (2)'!J14 -> 1571.55
B62: 3.4 | C62: Código | D62: Banco | E62: Descrição | F62: Tipo | H62: Und | I62: Quant. | J62: Valor Unit | K62: Total
B63: Composição | C63: C4442 | D63: SEINFRA | E63: CERÂMICA ESMALTADA C/ ARG. PRÉ-FABRICADA ATÉ 10x10cm (100cm²) - DECORATIVA - P/ PAREDE | F63: 0 | H63: m² | I63: 1 | J63: ='SINTÉTICO (2)'!H16 -> 87.14 | K63: =J63 -> 87.14
B64: Insumo | C64: I2543 | D64: SEINFRA | E64: SERVENTE | F64: Mão de Obra | H64: H | I64: 0.72 | J64: 18.46 | K64: 13.29
B65: Insumo | C65: I6508 | D65: SEINFRA | E65: ARGAMASSA COLANTE PRÉ-FABRICADA P/ CERÂMICAS E PORCELANATOS | F65: Material | H65: KG | I65: 4 | J65: 2.38 | K65: 9.52
B66: Insumo | C66: I6497 | D66: SEINFRA | E66: CERÂMICA ESMALTADA DIMENSÕES ATÉ 10x10cm (100 cm²) - DECORATIVA | F66: Material | H66: m² | I66: 1.1 | J66: 41.88 | K66: 46.06
B67: Insumo | C67: I1328 | D67: SEINFRA | E67: LADRILHISTA | F67: Mão de Obra | H67: H | I67: 0.72 | J67: 24.16 | K67: 17.39
F68: MO sem LS => | G68: 30.68 | H68: LS => | I68: 0 | J68: MO com LS => | K68: 30.68
F69: Valor do BDI => | G69: 24.86 | I69: Valor com BDI => | K69: 111.12
H70: Quant. => | I70: 9,50 | J70: Preço Total => | K70: ='SINTÉTICO (2)'!J16 -> 1066.41
B72: 4 | E72: PINTURA | K72: 93684.21
B73: 4.1 | C73: Código | D73: Banco | E73: Descrição | F73: Tipo | H73: Und | I73: Quant. | J73: Valor Unit | K73: Total
B74: Composição | C74: C1207 | D74: SEINFRA | E74: EMASSAMENTO DE PAREDES EXTERNAS 2 DEMÃOS C/MASSA ACRÍLICA | F74: 0 | H74: m² | I74: 1 | J74: ='SINTÉTICO (2)'!H18 -> 16.25 | K74: =J74 -> 16.25
B75: Insumo | C75: I1347 | D75: SEINFRA | E75: LIXA PARA MADEIRA/MASSA | F75: Material | H75: UN | I75: 0.5 | J75: 0.69 | K75: 0.34
B76: Insumo | C76: I1511 | D76: SEINFRA | E76: MASSA ACRILICA PARA PINTURA LATEX | F76: Material | H76: KG | I76: 0.7 | J76: 3.75 | K76: 2.62
B77: Insumo | C77: I2395 | D77: SEINFRA | E77: PINTOR | F77: Mão de Obra | H77: H | I77: 0.35 | J77: 24.16 | K77: 8.45
B78: Insumo | C78: I0045 | D78: SEINFRA | E78: AJUDANTE DE PINTOR | F78: Mão de Obra | H78: H | I78: 0.25 | J78: 19.1 | K78: 4.77
F79: MO sem LS => | G79: 13.22 | H79: LS => | I79: 0 | J79: MO com LS => | K79: 13.22
F80: Valor do BDI => | G80: 4.66 | I80: Valor com BDI => | K80: 20.84
H81: Quant. => | I81: 445,04 | J81: Preço Total => | K81: ='SINTÉTICO (2)'!J18 -> 9316.13
B83: 4.2 | C83: Código | D83: Banco | E83: Descrição | F83: Tipo | H83: Und | I83: Quant. | J83: Valor Unit | K83: Total
B84: Composição | C84: C1208 | D84: SEINFRA | E84: EMASSAMENTO DE PAREDES INTERNAS 2 DEMÃOS C/MASSA DE PVA | F84: 0 | H84: m² | I84: 1 | J84: ='SINTÉTICO (2)'!H19 -> 12.83 | K84: =J84 -> 12.83
B85: Insumo | C85: I1347 | D85: SEINFRA | E85: LIXA PARA MADEIRA/MASSA | F85: Material | H85: UN | I85: 0.4 | J85: 0.69 | K85: 0.27
B86: Insumo | C86: I1513 | D86: SEINFRA | E86: MASSA CORRIDA A BASE DE PVA | F86: Material | H86: KG | I86: 0.7 | J86: 2.09 | K86: 1.46
B87: Insumo | C87: I2395 | D87: SEINFRA | E87: PINTOR | F87: Mão de Obra | H87: H | I87: 0.3 | J87: 24.16 | K87: 7.24
B88: Insumo | C88: I0045 | D88: SEINFRA | E88: AJUDANTE DE PINTOR | F88: Mão de Obra | H88: H | I88: 0.2 | J88: 19.1 | K88: 3.82
F89: MO sem LS => | G89: 11.06 | H89: LS => | I89: 0 | J89: MO com LS => | K89: 11.06
F90: Valor do BDI => | G90: 3.68 | I90: Valor com BDI => | K90: 16.47
H91: Quant. => | I91: 84,33 | J91: Preço Total => | K91: ='SINTÉTICO (2)'!J19 -> 1393.77
B93: 4.3 | C93: Código | D93: Banco | E93: Descrição | F93: Tipo | H93: Und | I93: Quant. | J93: Valor Unit | K93: Total
B94: Composição | C94: 88489 | D94: SINAPI | E94: PINTURA LÁTEX ACRÍLICA PREMIUM, APLICAÇÃO MANUAL EM PAREDES, DUAS DEMÃOS. AF_04/2023 | F94: PINT - PINTURAS | H94: m² | I94: 1 | J94: ='SINTÉTICO (2)'!H20 -> 12.81 | K94: =J94 -> 12.81
B95: Composição Auxiliar | C95: 88316 | D95: SINAPI | E95: SERVENTE COM ENCARGOS COMPLEMENTARES | F95: SEDI - SERVIÇOS DIVERSOS | H95: H | I95: 0.0544 | J95: 20.46 | K95: 1.11
B96: Composição Auxiliar | C96: 88310 | D96: SINAPI | E96: PINTOR COM ENCARGOS COMPLEMENTARES | F96: SEDI - SERVIÇOS DIVERSOS | H96: H | I96: 0.1631 | J96: 26.94 | K96: 4.39
B97: Insumo | C97: 00007356 | D97: SINAPI | E97: TINTA LATEX ACRILICA PREMIUM, COR BRANCO FOSCO | F97: Material | H97: L | I97: 0.2285 | J97: 31.44 | K97: 7.18
F98: MO sem LS => | G98: 3.54 | H98: LS => | I98: 0 | J98: MO com LS => | K98: 3.54
F99: Valor do BDI => | G99: 3.65 | I99: Valor com BDI => | K99: 16.33
H100: Quant. => | I100: 445,04 | J100: Preço Total => | K100: ='SINTÉTICO (2)'!J20 -> 7343.98
B102: 4.4 | C102: Código | D102: Banco | E102: Descrição | F102: Tipo | H102: Und | I102: Quant. | J102: Valor Unit | K102: Total
B103: Composição | C103: 104639 | D103: SINAPI | E103: PINTURA LÁTEX ACRÍLICA ECONÔMICA, APLICAÇÃO MANUAL EM TETO, DUAS DEMÃOS. AF_04/2023 | F103: PINT - PINTURAS | H103: m² | I103: 1 | J103: ='SINTÉTICO (2)'!H21 -> 11.25 | K103: =J103 -> 11.25
B104: Composição Auxiliar | C104: 88316 | D104: SINAPI | E104: SERVENTE COM ENCARGOS COMPLEMENTARES | F104: SEDI - SERVIÇOS DIVERSOS | H104: H | I104: 0.0757 | J104: 20.46 | K104: 1.54
B105: Composição Auxiliar | C105: 88310 | D105: SINAPI | E105: PINTOR COM ENCARGOS COMPLEMENTARES | F105: SEDI - SERVIÇOS DIVERSOS | H105: H | I105: 0.227 | J105: 26.94 | K105: 6.11
B106: Insumo | C106: 00035693 | D106: SINAPI | E106: TINTA LATEX ACRILICA ECONOMICA, COR BRANCA | F106: Material | H106: L | I106: 0.2678 | J106: 13.11 | K106: 3.51
F107: MO sem LS => | G107: 4.93 | H107: LS => | I107: 0 | J107: MO com LS => | K107: 4.93
F108: Valor do BDI => | G108: 3.21 | I108: Valor com BDI => | K108: 14.37
H109: Quant. => | I109: 84,33 | J109: Preço Total => | K109: ='SINTÉTICO (2)'!J21 -> 1222.13
B111: 4.5 | C111: Código | D111: Banco | E111: Descrição | F111: Tipo | H111: Und | I111: Quant. | J111: Valor Unit | K111: Total
...

Sheet CFF (2)
B1: OBJETO: | C1: CONTRATAÇÃO DE EMPRESA DE ENGENHARIA PARA A RETOMADA E CONCLUSÃO DA OBRA DE CONSTRUÇÃO DE QUADRA ESCOLAR COBERTA COM VESTIÁRIOS, PADRÃO FNDE, ID Nº 1004566, LOCALIZADA NO DISTRITO DE APOLINÁRIO, MUNICÍPIO DE CURUÁ/PA. | D1: RESP. TÉCNICO | E1: FELIPE RIBEIRO
B2: PROPONENTE | C2: CONCORRÊNCIA ELETRÔNICA | D2: ENC. SOCIAIS | E2: M: 53,45% - H: 95,00%
B3: REFERÊNCIAS: | C3: Sinapi 12/2024 e SETOP 08/2023 (outras) | D3: BDI | E3: 0.2882
B5: CRONOGRAMA FÍSICO E FINANCEIRO
B6: Item | C6: Descrição | D6: Total Por Etapa | E6: 30 DIAS | F6: 60 DIAS | G6: 90 DIAS | H6: 120 DIAS
B7: 1 | C7: SERVIÇOS PRELIMINARES | D7: ='RESUMO (2)'!D8 -> 1779.61 | E7: 100,00% 1.779,61
B8: 2 | C8: ESQUADRIAS | D8: ='RESUMO (2)'!D9 -> 668.19 | E8: 100,00% 668,19
B9: 3 | C9: REVESTIMENTOS INTERNOS E EXTERNOS | D9: ='RESUMO (2)'!D10 -> 3406.68 | E9: 50,00% 1.703,34 | F9: 50,00% 1.703,34
B10: 4 | C10: PINTURA | D10: ='RESUMO (2)'!D11 -> 94762.08 | F10: 30,00% 28.428,62 | G10: 20,00% 18.952,42 | H10: 50,00% 47.381,04
B11: 5 | C11: INSTALAÇÕES DE AGUAS PLUVIAIS | D11: ='RESUMO (2)'!D12 -> 7097.48 | E11: 60,00% 4.258,49 | F11: 40,00% 2.838,99
B12: 6 | C12: LOUÇAS E METAIS | D12: ='RESUMO (2)'!D13 -> 6864.15 | G12: 50,00% 3.432,08 | H12: 50,00% 3.432,08
B13: 7 | C13: SISTEMA DE PROTEÇÃO CONTRA INCÊNCIO | D13: ='RESUMO (2)'!D14 -> 1019.33 | H13: 100,00% 1.019,33
B14: 8 | C14: INSTALAÇÕES ELÉTRICAS E TELEFÔNICAS 220V | D14: ='RESUMO (2)'!D15 -> 23617.59 | G14: 50,00% 11.808,79 | H14: 50,00% 11.808,79
B15: 9 | C15: SISTEMA DE PROTEÇÃO CONTRA DESCARGAS ATMOSFÉRICAS (SPDA) | D15: ='RESUMO (2)'!D16 -> 4652.53 | H15: 100,00% 4.652,53
B16: 10 | C16: SERVIÇOS COMPLEMENTARES | D16: ='RESUMO (2)'!D17 -> 47427.59 | G16: 50,00% 23.713,80 | H16: 50,00% 23.713,80
B17: 11 | C17: SERVIÇOS FINAIS | D17: ='RESUMO (2)'!D18 -> 2379.88 | H17: 100,00% 2.379,88
B18: Porcentagem | E18: 4,33% | F18: 17,01% | G18: 29,92% | H18: 48,75%
B19: Custo | E19: 8409.63 | F19: 32970.95 | G19: 57907.09 | H19: 94387.45
B20: Porcentagem Acumulado | E20: 4,33% | F20: 21,33% | G20: 0.5125 | H20: 100,0%
B21: Custo Acumulado | E21: =E19 -> 8409.63 | F21: =F19+E21 -> 41380.58 | G21: =G19+F21 -> 99287.67 | H21: 193675.11
C31: _________________________________________
C32: Felipe Ribeiro dos Santos de Lima
C33: Engenheiro Civil - CREA 922088PA

Sheet ENCARGOS (2)
B2: OBJETO: | C2: CONTRATAÇÃO DE EMPRESA DE ENGENHARIA PARA A RETOMADA E CONCLUSÃO DA OBRA DE CONSTRUÇÃO DE QUADRA ESCOLAR COBERTA COM VESTIÁRIOS, PADRÃO FNDE, ID Nº 1004566, LOCALIZADA NO DISTRITO DE APOLINÁRIO, MUNICÍPIO DE CURUÁ/PA. | D2: RESP. TÉCNICO | E2: FELIPE RIBEIRO
B3: CLIENTE | C3: PREFEITURA MUNICIPAL DE CURUÁ/PA | D3: ENC. SOCIAIS | E3: M: 53,45% - H: 95,00%
B4: REFERÊNCIAS: | C4: Sinapi 12/2024 e SETOP 08/2023 (outras) | D4: BDI | E4: 0.2882
B6: ENCARGOS SOCIAIS SOBRE A MÃO DE OBRA
B7: CÓDIGO | C7: DESCRIÇÃO | D7: COM DESONERAÇÃO
B8: GRUPO A
B9: A1 | C9: INSS | D9: 0.05 | E9: 0.05
B10: A2 | C10: SESI | D10: 0.015 | E10: 0.015
B11: A3 | C11: SENAI | D11: 0.01 | E11: 0.01
B12: A4 | C12: INCRA | D12: 0.002 | E12: 0.002
B13: A5 | C13: SEBRAE | D13: 0.006 | E13: 0.006
B14: A6 | C14: Salário Educação | D14: 0.025 | E14: 0.025
B15: A7 | C15: Seguro Contra Acidentes de Trabalho | D15: 0.03 | E15: 0.03
B16: A8 | C16: FGTS | D16: 0.08 | E16: 0.08
B17: A9 | C17: SECONCI | D17: 0 | E17: 0
B18: A | C18: Total | D18: =SUM(D9:D17) -> 0.218 | E18: =SUM(E9:E17) -> 0.218
B19: GRUPO B
B20: B1 | C20: Repouso Semanal Remunerado | D20: 0.1813 | E20: Não incide
B21: B2 | C21: Feriados | D21: 0.0416 | E21: Não incide
B22: B3 | C22: Auxílio - Enfermidade | D22: 0.0087 | E22: 0.0065
B23: B4 | C23: 13º Salário | D23: 0.1122 | E23: 0.0833
B24: B5 | C24: Licença Paternidade | D24: 0.0007 | E24: 0.0005
B25: B6 | C25: Faltas Justificadas | D25: 0.0075 | E25: 0.0056
B26: B7 | C26: Dias de Chuvas | D26: 0.0283 | E26: Não incide
B27: B8 | C27: Auxílio Acidente de Trabalho | D27: 0.001 | E27: 0.0007
B28: B9 | C28: Férias Gozadas | D28: 0.1282 | E28: 0.0953
B29: B10 | C29: Salário Maternidade | D29: 0.0003 | E29: 0.0003
B30: B | C30: Total | D30: =SUM(D20:D29) -> 0.5098 | E30: =SUM(E20:E29) -> 0.1922
B31: GRUPO C
B32: C1 | C32: Aviso Prévio Indenizado | D32: 0.0581 | E32: 0.0432
B33: C2 | C33: Aviso Prévio Trabalhado | D33: 0.0014 | E33: 0.001
B34: C3 | C34: Férias Indenizadas | D34: 0.0177 | E34: 0.0131
B35: C4 | C35: Depósito Rescisão Sem Justa Causa | D35: 0.0296 | E35: 0.022
B36: C5 | C36: Indenização Adicional | D36: 0.0049 | E36: 0.0036
B37: C | C37: Total | D37: =SUM(D32:D36) -> 0.1117 | E37: =SUM(E32:E36) -> 0.0829
B38: GRUPO D
B39: D1 | C39: Reincidência de Grupo A sobre Grupo B | D39: 0.1055 | E39: 0.0377
B40: D2 | C40: Reincidência de Grupo A sobre Aviso Prévio Trabalhado e Reincidência do FGTS sobre Aviso Prévio Indenizado | D40: 0.005 | E40: 0.0037
B41: D | C41: Total | D41: =SUM(D39:D40) -> 0.1105 | E41: =SUM(E39:E40) -> 0.0414
B43: TOTAL (A+B+C+D) | D43: =D18+D30+D37+D41 -> 0.95 | E43: =E18+E30+E37+E41 -> 0.5345
C51: _________________________________________
C52: Felipe Ribeiro dos Santos de Lima
C53: Engenheiro Civil - CREA 922088PA

Sheet BDI (2)
B1: OBJETO: | C1: CONTRATAÇÃO DE EMPRESA DE ENGENHARIA PARA A RETOMADA E CONCLUSÃO DA OBRA DE CONSTRUÇÃO DE QUADRA ESCOLAR COBERTA COM VESTIÁRIOS, PADRÃO FNDE, ID Nº 1004566, LOCALIZADA NO DISTRITO DE APOLINÁRIO, MUNICÍPIO DE CURUÁ/PA. | I1: RESP. TÉCNICO | J1: FELIPE RIBEIRO
B2: CLIENTE | C2: PREFEITURA MUNICIPAL DE CURUÁ/PA | I2: ENC. SOCIAIS | J2: M: 53,45% - H: 95,00%
B3: REFERÊNCIAS: | C3: Sinapi 12/2024 e SETOP 08/2023 (outras) | I3: BDI | J3: 0.2882
B5: BDI - BDI DESONERADO
B6: GRUPO A | C6: TAXA ADMINISTRATIVA DA ADMINISTRAÇÃO CENTRAL
B7: 1 | C7: Administração Central | J7: 3,00%
C8: Total do Grupo | J8: 3,00%
B9: GRUPO B | C9: TAXA REPRESENTATIVA DOS RISCOS
B10: 1 | C10: Riscos | J10: 0,97%
C11: Total do Grupo | J11: 0,97%
B12: GRUPO C | C12: TAXA REPRESENTATIVA SEGURO GARANTIA
B13: 1 | C13: Risco | J13: 0,80%
C14: Total do Grupo | J14: 0,80%
B15: GRUPO D | C15: TAXA REPRESENTATIVA DAS DESPESAS FINANCEIRAS
B16: 1 | C16: Despesas Financeiras | J16: 0,59%
C17: Total do Grupo | J17: 0,59%
B18: GRUPO E | C18: TAXA REPRESENTATIVA DO LUCRO
B19: 1 | C19: Lucro | J19: 6,16%
C20: Total do Grupo | J20: 6,16%
B21: GRUPO F | C21: TAXA REPRESENTATIVA DA INCIDÊNCIA DOS IMPOSTOS ( SOBRE O FATURAMENTO DA EMPRESA )
B22: 1 | C22: ISS (IMPOSTO SOBRE SERVIÇOS) - MUNICIPAL | J22: 5,00%
B23: 2 | C23: COFINS - FEDERAL | J23: 3,00%
B24: 3 | C24: PIS (PROGRAMA DE INTREGRAÇÃO SOCIAL) - FEDERAL | J24: 0,65%
B25: 4 | C25: CRB -CONTRIBUIÇÂO INSS (DESONERAÇÂO) | J25: 0.045
C26: Total do Grupo | J26: 0.1315
B28: FÓRMULA PARA O CÁLCULO DO BDI | H28: (((1+A+B+C)*(1+D)*(1+E)/(1-F))-1)
B30: BONIFICAÇÃO SOBRE DESPESAS INDIRETAS (B.D.I)= | J30: 0.2882
E40: _________________________________________
E41: Felipe Ribeiro dos Santos de Lima
E42: Engenheiro Civil - CREA 922088PA
